| TOP OF THE 1ST |
|
Pennsylvania State University Nittany Lions batting - Pitching for University of California Golden Bears : RHP Michito Higashi
|
|
Pitching: RHP Michito Higashi
|
|
|
Batting: SHB Oscar Barahona
|
0-0: Foul Ball, location: 2F 0-1: Ground out 4-3 (Groundball, 4, EV 86.9 MPH)
|
|
Batting: RHB Craig Alvarado
|
0-0: Foul Ball, location: 2F 0-1: Ball 1-1: Ball 2-1: Ball 3-1: Bunt for hit to P - play at first, batter safe!
|
|
Batting: RHB Kaoru Hamada
|
0-0: Fielders Choice at 2nd, 6-4 (Groundball, 56, EV 104.4 MPH)
|
|
Batting: SHB Glenn Harrison
|
0-0: Ball 1-0: Ball 2-0: Ball 3-0: Ground out 4-3 (Groundball, 4, EV 104.4 MPH)
|
| Top of the 1st over - 0 runs, 1 hit, 0 errors, 1 left on base; Pennsylvania State University 0 - University of California 0 |
| BOTTOM OF THE 1ST |
|
University of California Golden Bears batting - Pitching for Pennsylvania State University Nittany Lions : LHP Wilhelm Myers
|
|
Pitching: LHP Wilhelm Myers
|
|
|
Batting: LHB Eric Gaugler
|
0-0: Called Strike 0-1: Ball 1-1: Foul Ball, location: 2F 1-2: Ball 2-2: Foul Ball, location: 2F 2-2: Ball 3-2: Strikes out swinging
|
|
Batting: SHB Matsudaira Ikeda
|
0-0: Ball 1-0: Called Strike 1-1: Called Strike 1-2: Foul Ball, location: 2F 1-2: Ball 2-2: Foul Ball, location: 2F 2-2: Strikes out swinging
|
|
Batting: RHB Mario Diaz
|
0-0: Foul Ball, location: 2F 0-1: Foul Ball, location: 2F 0-2: Fly out, F8 (Line Drive, 8RD, EV 86.2 MPH)
|
| Bottom of the 1st over - 0 runs, 0 hits, 0 errors, 0 left on base; Pennsylvania State University 0 - University of California 0 |
| TOP OF THE 2ND |
|
Pennsylvania State University Nittany Lions batting - Pitching for University of California Golden Bears : RHP Michito Higashi
|
|
Batting: RHB Franklin van den Berg
|
0-0: Ball 1-0: Foul Ball, location: 2F 1-1: Ball 2-1: Ball 3-1: Base on Balls
|
|
Batting: RHB Fernando Membreno
|
0-0: Called Strike 0-1: Ball 1-1: Ball 2-1: 2-RUN HOME RUN (Flyball, 7D, EV 96.2 MPH), Distance : 363 ft
|
|
Batting: LHB Elijah Mallandain
|
0-0: Ball 1-0: Swinging Strike 1-1: Ground out 4-3 (Groundball, 4, EV 91.9 MPH)
|
|
Batting: LHB Josh Lane
|
0-0: SINGLE (Groundball, 4MD, EV 94.4 MPH)
|
|
Batting: RHB Jesse Sargent
|
0-0: Ball 1-0: Swinging Strike 1-1: Ball 2-1: Swinging Strike 2-2: SINGLE (Line Drive, 89S, EV 90.0 MPH) Josh Lane to second Runner from 2nd tries for 3rd, SAFE, no throw by RF
|
|
Batting: SHB Oscar Barahona
|
0-0: Called Strike 0-1: Foul Ball, location: 2F 0-2: Ball 1-2: Ball 2-2: Foul Ball, location: 2F 2-2: Foul Ball, location: 2F 2-2: Foul Ball, location: 2F 2-2: Fly out, F9 (Flyball, 9, EV 87.5 MPH) Runner from 3rd tags up, SCORES, throw by RF
|
|
Batting: RHB Craig Alvarado
|
0-0: Ball 1-0: Called Strike 1-1: Ball 2-1: Fielders Choice at 2nd, U4 (Groundball, 4M, EV 84.4 MPH)
|
| Top of the 2nd over - 3 runs, 3 hits, 0 errors, 1 left on base; Pennsylvania State University 3 - University of California 0 |
| BOTTOM OF THE 2ND |
|
University of California Golden Bears batting - Pitching for Pennsylvania State University Nittany Lions : LHP Wilhelm Myers
|
|
Batting: RHB Nate Mahon
|
0-0: Ball 1-0: Called Strike 1-1: SINGLE (Groundball, 56D, EV 95.6 MPH)
|
|
Batting: SHB Marty Kuehn
|
0-0: Called Strike 0-1: Fly out, F8 (Flyball, 8LS, EV 89.4 MPH)
|
|
Batting: RHB Alex Martinez
|
0-0: Called Strike 0-1: SINGLE (Groundball, 3S, EV 70.6 MPH) (infield hit) Nate Mahon to second
|
|
Batting: LHB Luis Orellana
|
0-0: Ball 1-0: Called Strike 1-1: Called Strike 1-2: Ball 2-2: Foul Ball, location: 2F 2-2: Ball 3-2: Base on Balls Nate Mahon to third Alex Martinez to second
|
|
Batting: RHB Alex Guerra
|
0-0: Ball 1-0: Ball 2-0: Ball 3-0: Base on Balls Nate Mahon scores Alex Martinez to third Luis Orellana to second
|
|
Batting: LHB Justin Conley
|
0-0: Ball 1-0: Fly out, F8 (Flyball, 8RM, EV 78.8 MPH) Runner from 3rd tags up, SCORES, throw by CF
|
|
Batting: LHB Eric Gaugler
|
0-0: Foul Ball, location: 2F 0-1: Ball 1-1: Ball 2-1: Foul Ball, location: 2F 2-2: Ball 3-2: Fly out, F8 (Flyball, 8RD, EV 103.8 MPH)
|
| Bottom of the 2nd over - 2 runs, 2 hits, 0 errors, 2 left on base; Pennsylvania State University 3 - University of California 2 |
| TOP OF THE 3RD |
|
Pennsylvania State University Nittany Lions batting - Pitching for University of California Golden Bears : RHP Michito Higashi
|
|
Batting: RHB Kaoru Hamada
|
0-0: Ball 1-0: Fly out, F9 (Line Drive, 9S, EV 95.0 MPH)
|
|
Batting: SHB Glenn Harrison
|
0-0: Called Strike 0-1: Called Strike 0-2: Foul Ball, location: 2F 0-2: SINGLE (Groundball, 34D, EV 106.2 MPH)
|
|
Batting: RHB Franklin van den Berg
|
0-0: Called Strike 0-1: Ball 1-1: Swinging Strike 1-2: Ball 2-2: Grounds into double play, 6-4-3 (Groundball, 6, EV 85.0 MPH)
|
| Top of the 3rd over - 0 runs, 1 hit, 0 errors, 0 left on base; Pennsylvania State University 3 - University of California 2 |
| BOTTOM OF THE 3RD |
|
University of California Golden Bears batting - Pitching for Pennsylvania State University Nittany Lions : LHP Wilhelm Myers
|
|
Batting: SHB Matsudaira Ikeda
|
0-0: Called Strike 0-1: Ball 1-1: Foul Ball, location: 2F 1-2: Foul Ball, location: 2F 1-2: Ball 2-2: Ball 3-2: Strikes out swinging
|
|
Batting: RHB Mario Diaz
|
0-0: Called Strike 0-1: Called Strike 0-2: Foul Ball, location: 2F 0-2: Foul Ball, location: 2F 0-2: Ball 1-2: Ball 2-2: Ball 3-2: Foul Ball, location: 2F 3-2: Fly out, F7 (Flyball, 78S, EV 90.0 MPH)
|
|
Batting: RHB Nate Mahon
|
0-0: Swinging Strike 0-1: Ground out 6-3 (Groundball, 6, EV 86.2 MPH)
|
| Bottom of the 3rd over - 0 runs, 0 hits, 0 errors, 0 left on base; Pennsylvania State University 3 - University of California 2 |
| TOP OF THE 4TH |
|
Pennsylvania State University Nittany Lions batting - Pitching for University of California Golden Bears : RHP Michito Higashi
|
|
Batting: RHB Fernando Membreno
|
0-0: Called Strike 0-1: Swinging Strike 0-2: Ball 1-2: Ball 2-2: Ground out 4-3 (Groundball, 34, EV 85.6 MPH)
|
|
Batting: LHB Elijah Mallandain
|
0-0: Ball 1-0: Foul Ball, location: 2F 1-1: Ball 2-1: Fly out, F9 (Flyball, 9S, EV 81.9 MPH)
|
|
Batting: LHB Josh Lane
|
0-0: Fly out, F2 (Popup, 13S, EV 80.0 MPH)
|
| Top of the 4th over - 0 runs, 0 hits, 0 errors, 0 left on base; Pennsylvania State University 3 - University of California 2 |
| BOTTOM OF THE 4TH |
|
University of California Golden Bears batting - Pitching for Pennsylvania State University Nittany Lions : LHP Wilhelm Myers
|
|
Batting: SHB Marty Kuehn
|
0-0: Foul Ball, location: 2F 0-1: Ball 1-1: Called Strike 1-2: Fly out, F8 (Flyball, 8LD, EV 98.1 MPH)
|
|
Batting: RHB Alex Martinez
|
0-0: Ground out 4-3 (Groundball, 4, EV 107.5 MPH)
|
|
Batting: LHB Luis Orellana
|
0-0: Ball 1-0: Foul Ball, location: 2F 1-1: Fly out, F9 (Flyball, 9S, EV 82.5 MPH)
|
| Bottom of the 4th over - 0 runs, 0 hits, 0 errors, 0 left on base; Pennsylvania State University 3 - University of California 2 |
| TOP OF THE 5TH |
|
Pennsylvania State University Nittany Lions batting - Pitching for University of California Golden Bears : RHP Michito Higashi
|
|
Batting: RHB Jesse Sargent
|
0-0: Foul Ball, location: 2F 0-1: Ball 1-1: Ground out 4-3 (Groundball, 4S, EV 67.5 MPH)
|
|
Batting: SHB Oscar Barahona
|
0-0: Bunt for hit to 5S - play at first, batter OUT! 5-3
|
|
Batting: RHB Craig Alvarado
|
0-0: Ball 1-0: Ball 2-0: Called Strike 2-1: Ball 3-1: Foul Ball, location: 2F 3-2: Base on Balls
|
|
Batting: RHB Kaoru Hamada
|
0-0: Foul Ball, location: 2F 0-1: Ball 1-1: Ball 2-1: Called Strike 2-2: Foul Ball, location: 2F 2-2: Strikes out looking
|
| Top of the 5th over - 0 runs, 0 hits, 0 errors, 1 left on base; Pennsylvania State University 3 - University of California 2 |
| BOTTOM OF THE 5TH |
|
University of California Golden Bears batting - Pitching for Pennsylvania State University Nittany Lions : LHP Wilhelm Myers
|
|
Batting: RHB Alex Guerra
|
0-0: Called Strike 0-1: Ball 1-1: Foul Ball, location: 2F 1-2: Ground out 6-3 (Groundball, 56, EV 106.9 MPH)
|
|
Batting: LHB Justin Conley
|
0-0: SINGLE (Groundball, 3D, EV 93.8 MPH)
|
|
Batting: LHB Eric Gaugler
|
0-0: Foul Ball, location: 2F 0-1: Foul Ball, location: 2F 0-2: Strikes out swinging
|
|
Batting: SHB Matsudaira Ikeda
|
0-0: Called Strike 0-1: Ball 1-1: Called Strike 1-2: Ball 2-2: Ball 3-2: Foul Ball, location: 2F 3-2: Foul Ball, location: 2F 3-2: Strikes out swinging
|
| Bottom of the 5th over - 0 runs, 1 hit, 0 errors, 1 left on base; Pennsylvania State University 3 - University of California 2 |
| TOP OF THE 6TH |
|
Pennsylvania State University Nittany Lions batting - Pitching for University of California Golden Bears : RHP Michito Higashi
|
|
Batting: SHB Glenn Harrison
|
0-0: Swinging Strike 0-1: Ball 1-1: Ball 2-1: Ball 3-1: Base on Balls
|
|
Pitching: RHP Luis Lopez
|
|
|
Batting: RHB Franklin van den Berg
|
0-0: Called Strike 0-1: Swinging Strike 0-2: Foul Ball, location: 2F 0-2: Ball 1-2: Strikes out swinging
|
|
Batting: RHB Fernando Membreno
|
0-0: Ball Glenn Harrison steals 2nd base 1-0: Called Strike 1-1: 2-RUN HOME RUN (Flyball, 7D, EV 97.5 MPH), Distance : 362 ft
|
|
Batting: LHB Elijah Mallandain
|
0-0: Ball 1-0: Ball 2-0: Called Strike 2-1: Foul Ball, location: 2F 2-2: DOUBLE (Line Drive, 8RD, EV 105.0 MPH)
|
|
Batting: LHB Josh Lane
|
0-0: Called Strike 0-1: Ball 1-1: Ball 2-1: Foul Ball, location: 2F 2-2: Foul Ball, location: 2F 2-2: Ball Wild Pitch! Elijah Mallandain to third 3-2: Base on Balls
|
|
Batting: RHB Jesse Sargent
|
0-0: Ball 1-0: Fly out, F9 (Flyball, 9LS, EV 86.2 MPH)
|
|
Batting: SHB Oscar Barahona
|
0-0: Ball 1-0: Fly out, F9 (Flyball, 9, EV 86.9 MPH)
|
| Top of the 6th over - 2 runs, 2 hits, 0 errors, 2 left on base; Pennsylvania State University 5 - University of California 2 |
| BOTTOM OF THE 6TH |
|
University of California Golden Bears batting - Pitching for Pennsylvania State University Nittany Lions : LHP Wilhelm Myers
|
|
Pitching: RHP Carmem Bonnet
|
|
|
Batting: RHB Mario Diaz
|
0-0: Ball 1-0: Ball 2-0: Ball 3-0: Called Strike 3-1: Called Strike 3-2: Fly out, F8 (Line Drive, 8LD, EV 97.5 MPH)
|
|
Batting: RHB Nate Mahon
|
0-0: Ball 1-0: Called Strike 1-1: Foul Ball, location: 2F 1-2: Foul Ball, location: 2F 1-2: Ball 2-2: Fly out, F3 (Popup, 3S, EV 74.4 MPH)
|
|
Batting: SHB Marty Kuehn
|
0-0: Ball 1-0: Foul Ball, location: 2F 1-1: Ball 2-1: Foul Ball, location: 2F 2-2: Ball 3-2: Foul Ball, location: 2F 3-2: Fly out, F8 (Flyball, 8LD, EV 65.6 MPH)
|
| Bottom of the 6th over - 0 runs, 0 hits, 0 errors, 0 left on base; Pennsylvania State University 5 - University of California 2 |
| TOP OF THE 7TH |
|
Pennsylvania State University Nittany Lions batting - Pitching for University of California Golden Bears : RHP Luis Lopez
|
|
Pitching: LHP Jimmy Bolton
|
|
|
Batting: RHB Craig Alvarado
|
0-0: Ball 1-0: Fly out, F8 (Flyball, 89M, EV 90.0 MPH)
|
|
Batting: RHB Kaoru Hamada
|
0-0: Ball 1-0: Ground out 6-3 (Groundball, 6MD, EV 80.0 MPH)
|
|
Batting: SHB Glenn Harrison
|
0-0: Foul Ball, location: 2F 0-1: Ball 1-1: Ball 2-1: Fly out, F9 (Flyball, 89S, EV 81.2 MPH)
|
| Top of the 7th over - 0 runs, 0 hits, 0 errors, 0 left on base; Pennsylvania State University 5 - University of California 2 |
| BOTTOM OF THE 7TH |
|
University of California Golden Bears batting - Pitching for Pennsylvania State University Nittany Lions : RHP Carmem Bonnet
|
|
Batting: RHB Alex Martinez
|
0-0: Called Strike 0-1: Called Strike 0-2: Ball 1-2: Ball 2-2: Fly out, F6 (Flyball, 6D, EV 92.5 MPH)
|
|
Batting: LHB Luis Orellana
|
0-0: Called Strike 0-1: Called Strike 0-2: Ball 1-2: Strikes out looking
|
|
Batting: RHB Alex Guerra
|
0-0: Ball 1-0: Foul Ball, location: 2F 1-1: Swinging Strike 1-2: Ball 2-2: Ground out 4-3 (Groundball, 13, EV 93.8 MPH)
|
| Bottom of the 7th over - 0 runs, 0 hits, 0 errors, 0 left on base; Pennsylvania State University 5 - University of California 2 |
| TOP OF THE 8TH |
|
Pennsylvania State University Nittany Lions batting - Pitching for University of California Golden Bears : LHP Jimmy Bolton
|
|
Batting: RHB Franklin van den Berg
|
0-0: Called Strike 0-1: Foul Ball, location: 2F 0-2: Fly out, F9 (Flyball, 89M, EV 89.4 MPH)
|
|
Batting: RHB Fernando Membreno
|
0-0: Ball 1-0: Foul Ball, location: 2F 1-1: Ball 2-1: Foul Ball, location: 2F 2-2: Ball 3-2: Strikes out swinging
|
|
Batting: LHB Elijah Mallandain
|
0-0: Ball 1-0: Fly out, F9 (Flyball, 9, EV 83.8 MPH)
|
| Top of the 8th over - 0 runs, 0 hits, 0 errors, 0 left on base; Pennsylvania State University 5 - University of California 2 |
| BOTTOM OF THE 8TH |
|
University of California Golden Bears batting - Pitching for Pennsylvania State University Nittany Lions : RHP Carmem Bonnet
|
|
Pitching: RHP Colin Walker
|
|
|
Batting: LHB Justin Conley
|
0-0: Swinging Strike 0-1: Ball 1-1: Hit by Pitch
|
|
Batting: LHB Eric Gaugler
|
0-0: Fielders Choice at 2nd, 6-4 (Groundball, 6M, EV 98.8 MPH)
|
|
Pinch Hitting: RHB Tatsuyoshi Ikeda
|
0-0: Ball 1-0: Foul Ball, location: 2F 1-1: Ball 2-1: Foul Ball, location: 2F 2-2: Ball 3-2: Fly out, F8 (Line Drive, 8LD, EV 109.4 MPH)
|
|
Batting: RHB Mario Diaz
|
0-0: Ball Wild Pitch! Eric Gaugler to second 1-0: Foul Ball, location: 2F 1-1: Swinging Strike 1-2: Ball 2-2: Strikes out swinging
|
| Bottom of the 8th over - 0 runs, 0 hits, 0 errors, 1 left on base; Pennsylvania State University 5 - University of California 2 |
| TOP OF THE 9TH |
|
Pennsylvania State University Nittany Lions batting - Pitching for University of California Golden Bears : LHP Jimmy Bolton
|
|
Pitching: RHP Frank Salinas
|
|
|
Now at SS: Tatsuyoshi Ikeda
|
|
|
Batting: LHB Josh Lane
|
0-0: Called Strike 0-1: SINGLE (Line Drive, 6D, EV 108.8 MPH)
|
|
Batting: RHB Jesse Sargent
|
0-0: Ball 1-0: Ball 2-0: Called Strike 2-1: Ball 3-1: Called Strike 3-2: Base on Balls Josh Lane to second
|
|
Batting: SHB Oscar Barahona
|
0-0: Swinging Strike 0-1: Sac Bunt to 13S - play at first, batter OUT! 1-3 Josh Lane to third Jesse Sargent to second
|
|
Batting: RHB Craig Alvarado
|
0-0: Called Strike 0-1: Ball 1-1: Ball 2-1: Called Strike 2-2: Ball 3-2: Base on Balls
|
|
Batting: RHB Kaoru Hamada
|
0-0: Ball 1-0: Called Strike 1-1: Grounds into fielders choice 4-2 (Groundball, 4, EV 81.2 MPH) Jesse Sargent to third Craig Alvarado to second
|
|
Pitching: RHP Steve Clothier
|
|
|
Batting: SHB Glenn Harrison
|
0-0: Ball 1-0: Ball 2-0: Fly out, F7 (Flyball, 7S, EV 77.5 MPH)
|
| Top of the 9th over - 0 runs, 1 hit, 0 errors, 3 left on base; Pennsylvania State University 5 - University of California 2 |
| BOTTOM OF THE 9TH |
|
University of California Golden Bears batting - Pitching for Pennsylvania State University Nittany Lions : RHP Colin Walker
|
|
Pitching: RHP Jerry Romero
|
|
|
Batting: RHB Nate Mahon
|
0-0: Called Strike 0-1: Foul Ball, location: 2F 0-2: Ball 1-2: Strikes out swinging
|
|
Batting: SHB Marty Kuehn
|
0-0: Called Strike 0-1: Swinging Strike 0-2: Ball 1-2: Strikes out swinging
|
|
Pinch Hitting: RHB Juan Debayle
|
0-0: Called Strike 0-1: Foul Ball, location: 2F 0-2: Ball 1-2: Ground out 6-3 (Groundball, 6, EV 101.2 MPH)
|
| Bottom of the 9th over - 0 runs, 0 hits, 0 errors, 0 left on base; Pennsylvania State University 5 - University of California 2 |
|